 Dungeon Crawl Stone Soup version 0.31.0-9-g3a7656b989 (webtiles) character file.

Game seed: 8434178402405100213

462 qw the Shooter (level 6, -15/30 HPs)
             Began as a Spriggan Hunter on Feb 2, 2024.
             Demolished by an ogre
             ... wielding a +0 giant club
              (25 damage)
             ... on level 6 of the Dungeon.
             The game lasted 00:00:11 (2836 turns).

qw the Shooter (Spriggan Hunter)                    Turns: 2836, Time: 00:00:11

Health: -15/30     AC:  2    Str:  7    XL:     6   Next: 79%
Magic:  7/7        EV: 21    Int: 11    God:
Gold:   7          SH:  0    Dex: 20    Spells: 5/5 levels left

rFire   . . .        a - +2 shortbow
rCold   . . .        (shield currently unavailable)
rNeg    . . .        c - +0 robe
rPois   .            (helmet restricted)
rElec   .            (no cloak)
rCorr   .            (gloves unavailable)
SInv    +            (boots unavailable)
Will    +....        (no amulet)
Stlth   ++           (no ring)
HPRegen 0.25/turn    (no ring)
MPRegen 0.10/turn

%: no passive effects
@: lethally poisoned (-15 -> -18), very quick
A: very small, no large weapons, unfitting armour, see invisible, speed 3
a: no special abilities


You were on level 6 of the Dungeon.
You visited 1 branch of the dungeon, and saw 5 of its levels.

You collected 185 gold pieces.
You spent 178 gold pieces at shops.


Innate Abilities, Weirdness & Mutations

You are very small and have problems with some larger weapons.
You are too small for most types of armour.
You have supernaturally acute eyesight. (SInv)
You cover ground extremely quickly. (Speed+++)


   Skills:
 - Level 2.1 Fighting
 + Level 6.6 Ranged Weapons
 - Level 6.3 Dodging
 - Level 1.5 Stealth


You had 5 spell levels left.
You didn't know any spells.
Your spell library was empty.

Inventory:

Hand Weapons
 a - a +2 shortbow (weapon)
Armour
 c - a +0 robe (worn)
Wands
 g - a wand of paralysis (13)
 j - a wand of flame (39)
Scrolls
 m - a scroll of brand weapon {unknown}
Potions
 d - 2 potions of curing
 e - a potion of invisibility
 f - 3 potions of might
 h - 2 potions of brilliance {unknown}
 i - a potion of mutation
 k - a potion of haste {unknown}
 l - a potion of cancellation {unknown}

Dungeon Overview and Level Annotations

Branches:
Dungeon (4/15)
 Temple: D:4-7

Altars:
Hepliaklqana

Shops:
D:6 =*

Annotations:
D:3 2 transporters, qw's ghost, amateur DEHu


Message History

The scorpion barely misses you.
You shoot an arrow.
The arrow hits the scorpion but does no damage.
The scorpion is severely wounded.
The scorpion completely misses you.
You shoot an arrow. The arrow closely misses the scorpion.
The arrow hits the plant!
The plant is lightly damaged.
The scorpion stings you.
You are poisoned.
The scorpion poisons you!
You shoot an arrow. The arrow barely misses the scorpion.
The arrow hits the plant!
The plant is lightly damaged.
You feel sick.
A nearby plant withers and dies.
The scorpion closely misses you. The scorpion stings you.
You are more poisoned.
The scorpion poisons you!
You shoot an arrow. The arrow hits the scorpion.
You kill the scorpion!
You feel very sick.
You shoot an arrow. The arrow barely misses the ogre.
You feel very sick. The ogre completely misses you.
You shoot an arrow. The arrow hits the ogre.
The ogre is lightly wounded.
You feel very sick. The ogre barely misses you.
You shoot an arrow. The arrow hits the ogre.
The ogre is lightly wounded.
You feel sick.
You shoot an arrow. The arrow hits the ogre!
The ogre is moderately wounded.
You feel sick. The ogre misses you.
You shoot an arrow. The arrow hits the ogre!
The ogre is severely wounded.
You feel sick.
The ogre hits you with a +0 giant club!!
Ouch! That really hurt!
You die...

..## ..
....# #<
.....## #.
P....P. ..
P.P¤... #.
.¤.....#.
..¤_P.%.##
P.....P@.#
......O.##
.......P#
.P#.....#
........#
#.#####..
# ##. #


You could see an ogre.

Vanquished Creatures
  A black bear (D:6)
  2 scorpions
  A bombardier beetle (D:4)
  An orc priest (D:3)
  An iguana (D:6)
  8 gnolls
  2 adders
  2 ufetubi (D:6)
  A dart slug (D:3)
  3 orcs (D:3)
  2 endoplasms (D:2)
  3 giant cockroaches (D:2)
  10 goblins
  6 hobgoblins
  4 jackals (D:2)
  4 kobolds
  3 quokkas
  A ball python (D:4)
  5 bats
  A frilled lizard (D:1)
  5 rats
66 creatures vanquished.

Notes
Turn   | Place    | Note
-------+----------+-------------------------------------------
     0 | D:1      | qw the Spriggan Hunter began the quest for the Orb.
     0 | D:1      | Reached XP level 1. HP: 10/10 MP: 2/2
     0 | D:1      | 0 ||| qw: Version: 0.3-a-155-g5e7d8dd
     0 | D:1      | 0 ||| qw: Game counter: 2666
     0 | D:1      | 0 ||| qw: Melee chars always use a shield: true
     0 | D:1      | 0 ||| qw: God list: Okawaru
     0 | D:1      | 0 ||| qw: Allow faded altars: false
     0 | D:1      | 0 ||| qw: Do Orc after clearing Dungeon:15 true
     0 | D:1      | 0 ||| qw: Do second Lair branch before Depths: true
     0 | D:1      | 0 ||| qw: Lair rune preference: random
     0 | D:1      | 0 ||| qw: Goals: Normal
     0 | D:1      | 0 ||| PLANNING D:1-11
    63 | D:1      | Reached skill level 3 in Dodging
   123 | D:1      | Reached XP level 2. HP: 10/14 MP: 3/3
   664 | D:1      | 664 ||| READING scroll labelled QAUKHLA UXYPH.
   665 | D:1      | 665 ||| READING scroll labelled TESEAC SALUIJU.
   665 | D:1      | 665 ||| ENCHANTING +0 shortbow.
   666 | D:1      | 666 ||| DROPPING scroll of butterflies.
   835 | D:2      | Reached XP level 3. HP: 18/18 MP: 4/4
   934 | D:2      | Noticed a scorpion
   941 | D:2      | Killed a scorpion
   942 | D:2      | Reached XP level 4. HP: 15/22 MP: 5/5
  1390 | D:2      | 1390 ||| READING scroll labelled GOPNITOLU LAEX.
  1390 | D:2      | 1390 ||| ENCHANTING +0 shortbow.
  1391 | D:2      | 1391 ||| READING scroll labelled LESOWET VOIJ.
  1392 | D:2      | 1392 ||| READING 2 scrolls labelled ARECRA FUTOSCH.
  1393 | D:2      | 1393 ||| DRINKING 4 cyan potions.
  1394 | D:2      | 1394 ||| DROPPING scroll of amnesia.
  1495 | D:3      | Found a transporter.
  1497 | D:3      | Noticed qw's ghost (amateur DEHu)
  1500 | D:3      | Found a transporter.
  1505 | D:3      | Noticed a phantom
  1573 | D:3      | Reached XP level 5. HP: 15/25 MP: 6/6
  1652 | D:3      | 1652 ||| FLEEEEING.
  1653 | D:3      | 1653 ||| FLEEEEING.
  1656 | D:3      | 1656 ||| FLEEEEING.
  1658 | D:3      | 1658 ||| FLEEEEING.
  1659 | D:3      | 1659 ||| FLEEEEING.
  1660 | D:3      | 1660 ||| FLEEEEING.
  1661 | D:3      | 1661 ||| FLEEEEING.
  1662 | D:3      | 1662 ||| FLEEEEING.
  1663 | D:3      | 1663 ||| FLEEEEING.
  1664 | D:3      | 1664 ||| FLEEEEING.
  1666 | D:3      | 1666 ||| FLEEEEING.
  1667 | D:3      | 1667 ||| FLEEEEING.
  1668 | D:3      | 1668 ||| FLEEEEING.
  1670 | D:3      | 1670 ||| FLEEEEING.
  1671 | D:3      | 1671 ||| FLEEEEING.
  1673 | D:3      | 1673 ||| FLEEEEING.
  1674 | D:3      | 1674 ||| FLEEEEING.
  1676 | D:3      | 1676 ||| FLEEEEING.
  1677 | D:3      | 1677 ||| FLEEEEING.
  1679 | D:3      | 1679 ||| FLEEEEING.
  1680 | D:3      | 1680 ||| FLEEEEING.
  1681 | D:3      | 1681 ||| FLEEEEING.
  1683 | D:3      | 1683 ||| STAIRDANCE
  1709 | D:2      | 1709 ||| READING 2 scrolls labelled WYONOFU JOMIPH.
  1709 | D:2      | 1709 ||| IDENTIFYING white potion
  1710 | D:2      | 1710 ||| READING scroll of identify.
  1710 | D:2      | 1710 ||| IDENTIFYING lumpy ruby potion
  1711 | D:2      | 1711 ||| READING scroll labelled ANU TAPLIKHU XUV.
  1968 | D:3      | 1968 ||| READING scroll of enchant weapon.
  1968 | D:3      | 1968 ||| ENCHANTING +1 shortbow.
  2179 | D:3      | 2179 ||| READING scroll labelled RUNADU NEMA.
  2222 | D:4      | Reached skill level 6 in Ranged Weapons
  2223 | D:4      | 2223 ||| FLEEEEING.
  2499 | D:4      | You fall into a shaft and drop 2 floors!
  2548 | D:6      | Reached XP level 6. HP: 28/30 MP: 7/7
  2588 | D:6      | Found Puinionu's Assorted Antiques.
  2596 | D:6      | 2596 ||| BUYING fuming green potion (20 gold).
  2596 | D:6      | Bought a fuming green potion for 20 gold pieces
  2596 | D:6      | 2596 ||| BUYING glowing emerald potion (20 gold).
  2596 | D:6      | Bought a glowing emerald potion for 20 gold pieces
  2596 | D:6      | 2596 ||| BUYING potion of curing (69 gold).
  2596 | D:6      | Bought a potion of curing for 69 gold pieces
  2596 | D:6      | 2596 ||| BUYING scroll labelled BAIGUA UF SYAR (23 gold).
  2596 | D:6      | Bought a scroll labelled BAIGUA UF SYAR for 23 gold pieces
  2596 | D:6      | 2596 ||| SHOPLISTING scroll of enchant weapon (172 gold,
                  | have 53).
  2596 | D:6      | 2596 ||| BUYING scroll of identify (46 gold).
  2596 | D:6      | Bought a scroll of identify for 46 gold pieces
  2596 | D:6      | 2596 ||| SHOPLISTING scroll of identify (46 gold, have 7).
  2634 | D:6      | Found Wumywkut's Jewellery Shop.
  2639 | D:6      | Reached skill level 6 in Dodging
  2643 | D:6      | 2643 ||| SHOPLISTING ring of protection from cold (375
                  | gold, have 7).
  2643 | D:6      | 2643 ||| SHOPLISTING ring of protection from fire (375
                  | gold, have 7).
  2818 | D:6      | 2818 ||| READING scroll of identify.
  2818 | D:6      | 2818 ||| IDENTIFYING grey potion
  2819 | D:6      | 2819 ||| READING scroll labelled UJELARETA.
  2822 | D:6      | Found a hazy altar of Hepliaklqana.
  2836 | D:6      | Demolished by an ogre

Levels and vault maps discovered:
D:1:      hellmonk_arrival_library, layout_loops_ring
D:2:      minmay_wonky_spiral, layout_loops_cross, minmay_domino_4
D:3:      layout_basic, gammafunk_ghost_mausoleum
D:4:      layout_gridville, minmay_temple_entry_slanted, minmay_cut_off,
          uniq_edmund, uniq_pikel
D:6:      layout_layer_cave, nicolae_hepliaklqana_hazy_memory, serial_shops,
          shop, nicolae_shop_tiny_statue_garden, nicolae_inconvenience_store,
          shop, uniq_blork_the_orc

Skill      XL: |  1  2  3  4  5  6 |
---------------+-------------------+-----
Dodging        | 4 5 6 |  6.3
Ranged Weapons | 5 6 |  6.6
Fighting       | 2 |  2.1
Stealth        | |  1.5

Action                     |  1- 3 |  4- 6 || total
---------------------------+-------+-------++-------
   Fire: Shortbow          |    63 |   146 ||   209
    Use: Scroll            |     2 |    10 ||    12
         Potion            |       |     1 ||     1
 Armour: Robe              |     3 |    15 ||    18
  Dodge: Dodged            |    10 |    77 ||    87

Table legend:
 A = Non-vault XP
 B = Vault XP
 C = Vault XP percentage of total XP
 D = Non-vault monster count
 E = Vault monster count
 F = Vault count percentage of total count
                 A         B        C        D         E       F
            +---------+---------+-------+---------+---------+-------
      Total |     645 |      16 |   2.4 |      57 |       9 |  13.6
            +---------+---------+-------+---------+---------+-------
        D:1 |      25 |       0 |   0.0 |       7 |       0 |   0.0
        D:2 |     123 |      12 |   8.9 |      20 |       7 |  25.9
        D:3 |     135 |       0 |   0.0 |      16 |       0 |   0.0
        D:4 |      67 |       4 |   5.6 |       6 |       2 |  25.0
        D:6 |     295 |       0 |   0.0 |       8 |       0 |   0.0
            +---------+---------+-------+---------+---------+-------
